AoeStats
← LittleCaesar

Arabia

510044616Analyzed
1v1 RM · 2d ago on Sep 29, 2026· 53m 52s· 2 players
Game mode
Random Map
Map size
Tiny (2 player)
Population
200
Speed
Normal
Resources
Standard
Victory
Conquest
Starting age
Dark Age
Ending age
Imperial Age
RankedLock teamsTeams togetherTeam positionsShared explorationLock speedFull tech treeHidden civsTurbo modeCheats
Victory
Defeat
🇳🇿 Bohemians · New Zealand
1339
+16
🇦🇺 Cumans · Australia
1341
-16
leeshhgoooo
7:37 Loom
10:30 Feudal Age
10:56 Double-Bit Axe
10:53 Horse Collar
15:08 Fletching
16:13 Padded Archer Armor
17:43 Wheelbarrow
21:55 Castle Age
20:21 Scale Barding Armor
21:13 Forging
22:58 Chain Barding Armor
22:55 Bow Saw
26:58 Iron Casting
29:43 Scale Mail Armor
29:06 Pikeman
30:43 Chain Mail Armor
32:26 Fervor
32:27 Squires
34:00 Heavy Plow
34:42 Hand Cart
34:12 Town Watch
35:21 Husbandry
41:07 Imperial Age
39:51 Masonry
40:40 Ballistics
42:25 Chemistry
42:20 Conscription
41:37 Cavalier
44:05 Blast Furnace
43:02 Bodkin Arrow
44:08 Siege Engineers
44:00 Light Cavalry
50:04 Elite Skirmisher
53:05 Leather Archer Armor
LittleCaesar
8:32 Loom
11:02 Feudal Age
14:30 Double-Bit Axe
22:15 Wheelbarrow
25:54 Castle Age
24:02 Horse Collar
24:59 Bloodlines
24:56 Scale Barding Armor
25:01 Gold Mining
25:33 Forging
30:45 Padded Archer Armor
31:17 Fletching
31:26 Town Watch
31:53 Bodkin Arrow
33:18 Hand Cart
33:50 Bow Saw
34:39 Heavy Plow
35:10 Ballistics
35:51 Gold Shaft Mining
36:19 Leather Archer Armor
37:11 Thumb Ring
38:33 Chain Barding Armor
39:15 Iron Casting
38:41 Light Cavalry
39:39 Stone Mining
45:16 Imperial Age
45:32 Hussar
46:48 Plate Barding Armor
47:15 Blast Furnace
46:46 Ring Archer Armor
46:43 Parthian Tactics
45:38 Heavy Cavalry Archer
48:15 Chemistry
Connection lost

Rejoining the realm…

Still unreachable

The connection could not be restored.

Session expired

The server has moved on; the page needs a fresh start.